 Dungeon Crawl Stone Soup version 0.29.0-4-gdea44cf6ec (webtiles) character file.

Game seed: 2158995675554009595

358 qw the Chopper (level 6, -4/36 HPs)
             Began as a Tengu Warper on Aug 28, 2022.
             Was an Initiate of Okawaru.
             Killed from afar by a centaur (6 damage)
             ... with an iceblast
             ... on level 5 of the Dungeon.
             The game lasted 00:00:23 (3893 turns).

qw the Chopper (Tengu Warper)                       Turns: 3893, Time: 00:00:24

Health: -4/36      AC: 10    Str: 13    XL:     6   Next: 64%
Magic:  10/10      EV:  7    Int: 16    God:    Okawaru [......]
Gold:   210        SH:  0    Dex: 19    Spells: 9/9 levels left

rFire   . . .      SeeInvis .   Y - +5 hand axe
rCold   + . .      Faith    .   (no shield)
rNeg    + . .      Spirit   .   f - +1 chain mail {rC+}
rPois   .          Reflect  .   (helmet restricted)
rElec   .          Harm     .   (no cloak)
rCorr   .          Rampage  .   g - +0 pair of gloves
Will    .....                   (boots unavailable)
Stlth   ..........              (no amulet)
HPRegen 0.12/turn               d - ring of Jimodud {rN+ Int+2 Dex+6}
MPRegen 0.12/turn               (no ring)

@: about to teleport, flying quickly and evasively, quick
A: beak, talons 3, nimble flight
a: Renounce Religion


You were on level 5 of the Dungeon.
You worshipped Okawaru.
Okawaru was noncommittal.
You visited 1 branch of the dungeon, and saw 5 of its levels.

You collected 210 gold pieces.


Innate Abilities, Weirdness & Mutations

You have a beak for a mouth.
You have claws for feet.
Your magical nature lets you fly swiftly and evasively.


   Skills:
 + Level 2.4 Fighting
 - Level 7.0 Axes
 - Level 1.0 Throwing
 - Level 2.3 Armour
 - Level 2.1 Dodging
 - Level 2.0 Spellcasting
 - Level 2.4 Translocations


You had 9 spell levels left.
You didn't know any spells.
Your spell library contained the following spells:

 Spells                   Type           Power      Damage    Failure   Level
 Blink                    Tloc           18%        N/A       98%         2
 Gell's Gravitas          Tloc           9%         N/A       100%        3
 Lesser Beckoning         Tloc           9%         N/A       100%        3
 Teleport Other           Tloc           9%         N/A       100%        3
 Manifold Assault         Tloc           9%         N/A       100%        5

Inventory:

Hand Weapons
 o - a +0 mace
 Y - a +5 hand axe (weapon)
Missiles
 c - 2 silver javelins (quivered)
Armour
 f - a +1 chain mail of cold resistance (worn)
 g - a +0 pair of gloves (worn)
Jewellery
 d - the ring of Jimodud (left hand) {rN+ Int+2 Dex+6}
   (You found it on level 4 of the Dungeon)

   [ring of positive energy]

   Int:       It affects your intelligence (+2).
   Dex:       It affects your dexterity (+6).
   rN:        It protects you from negative energy.
Scrolls
 a - a scroll of magic mapping {unknown}
 h - a scroll of identify
 j - 3 scrolls of teleportation
Potions
 b - 2 potions of might
 e - 3 potions of cancellation
 i - a potion of haste
 k - a potion of mutation
 l - a potion of resistance {unknown}

Dungeon Overview and Level Annotations

Branches:
Dungeon (5/15)
 Temple: D:4-7

Altars:
Kikubaaqudgha
Okawaru
Sif Muna

Shops:
D:2 =


Message History

Okawaru accepts your kill.
You start resting.
You feel like a meek peon again.
Magic restored.
You start resting.
A centaur comes into view.
The centaur moves out of view.
You start resting.
HP restored.
The centaur shouts!
The centaur wields a +0 shortbow.
The centaur shoots an arrow.
The arrow hits you!
Things that are here:
a +0 war axe; a jackal corpse; an orc corpse The centaur zaps a wand.
The mass of ice explodes!
The iceblast engulfs you but does no damage.
You hear a shout! x4; You hear an angry growl.
An orc comes into view. It is wielding a +0 club.
The orc shouts!
The centaur shoots an arrow.
The arrow barely misses you.
An orc comes into view. It is wielding a +1 dagger of venom.
An orc comes into view. It is wielding a +0 dagger.
An adder and an orc priest come into view.
The adder hisses angrily.
The orc priest shouts!
The centaur zaps a wand.
The mass of ice explodes!
The iceblast engulfs you but does no damage.
The centaur shoots an arrow.
The arrow hits you!
You hear a shout! x2
An orc priest comes into view. It is wielding a +0 falchion.
The orc priest shouts!
The centaur shoots an arrow.
The arrow hits you but does no damage.
The orc priest calls down the wrath of Beogh upon you.
Beogh smites you!
A gnoll comes into view. It is wielding a +0 flail.
3893 ||| READING 4 scrolls of teleportation.
As you read the scroll of teleportation, it crumbles to dust.
You feel strangely unstable.
The centaur zaps a wand.
The mass of ice explodes!
The iceblast engulfs you. You partially resist.
You die...

.............g.
....o...........
...o.............
........S.........
.....coo...........
.......o............
........<............
.....).@.............
......................
......................
......................
.....[.....)).........
...........%..........
......................
####.#.#...........#.
### ...
#.#.#...........#


You could see a centaur, 2 orc priests, a gnoll, an adder and 3 orcs.

Vanquished Creatures
  An ice beast (D:5)
  2 hounds
  2 orc wizards
  An iguana (D:4)
  4 adders
  A worm (D:4)
  2 dart slugs
  6 orcs
  4 bats
  13 endoplasms
  3 giant cockroaches
  10 hobgoblins
  7 jackals
  3 quokkas
  12 ball pythons
  3 frilled lizards (D:1)
  3 goblins
  4 kobolds
  6 rats
87 creatures vanquished.

Notes
Turn   | Place    | Note
-------+----------+-------------------------------------------
     0 | D:1      | qw the Tengu Warper began the quest for the Orb.
     0 | D:1      | Reached XP level 1. HP: 12/12 MP: 4/4
     0 | D:1      | 0 ||| qw: Version: 0.1-a-89-g26bdef1
     0 | D:1      | 0 ||| qw: Game counter: 995
     0 | D:1      | 0 ||| qw: Always use a shield: true
     0 | D:1      | 0 ||| qw: God list: Okawaru
     0 | D:1      | 0 ||| qw: Allow faded altars: false
     0 | D:1      | 0 ||| qw: Do Orc after D:15 true
     0 | D:1      | 0 ||| qw: Do second Lair branch before Depths: true
     0 | D:1      | 0 ||| qw: Lair rune preference: random
     0 | D:1      | 0 ||| qw: Plans: Normal
     0 | D:1      | 0 ||| PLANNING D:1-11
   311 | D:1      | Reached skill level 3 in Axes
   311 | D:1      | Reached XP level 2. HP: 17/17 MP: 6/6
   995 | D:1      | Reached XP level 3. HP: 21/21 MP: 7/7
  1185 | D:1      | 1185 ||| Stepping ~*~*~tactically~*~*~ (stealth).
  1319 | D:1      | 1319 ||| UPGRADING to +1 chain mail of cold resistance.
  1329 | D:1      | 1329 ||| DROPPING +0 leather armour.
  1330 | D:1      | 1330 ||| READING scroll labelled WEATOR ZOHIOL.
  1331 | D:1      | 1331 ||| READING scroll labelled OLEPSO PEPT.
  1332 | D:1      | 1332 ||| READING scroll labelled DITZIG HOLEM.
  1336 | D:1      | 1336 ||| READING scroll labelled TANEMI YS ZAB.
  1337 | D:1      | 1337 ||| READING scroll labelled NYS OMOOVIA.
  1338 | D:1      | 1338 ||| DROPPING scroll of blinking.
  1470 | D:2      | 1470 ||| Stepping ~*~*~tactically~*~*~ (stealth).
  1479 | D:2      | Reached skill level 4 in Axes
  1495 | D:2      | 1495 ||| Stepping ~*~*~tactically~*~*~ (stealth).
  1499 | D:2      | 1499 ||| Stepping ~*~*~tactically~*~*~ (stealth).
  1741 | D:2      | 1741 ||| Stepping ~*~*~tactically~*~*~ (stealth).
  1836 | D:2      | 1836 ||| Stepping ~*~*~tactically~*~*~ (stealth).
  1911 | D:2      | Reached XP level 4. HP: 26/26 MP: 8/8
  1980 | D:2      | Found Sueng's Jewellery Emporium.
  1989 | D:2      | 1989 ||| SHOPLISTING +4 ring of evasion (396 gold, have
                  | 91).
  1989 | D:2      | 1989 ||| SHOPLISTING amulet of Knowledge {Spirit +Blink
                  | Regen+ Str+4} (576 gold, have 91).
  1989 | D:2      | 1989 ||| SHOPLISTING amulet of guardian spirit (330 gold,
                  | have 91).
  1989 | D:2      | 1989 ||| SHOPLISTING amulet of regeneration (330 gold, have
                  | 91).
  1989 | D:2      | 1989 ||| SHOPLISTING ring of ice (275 gold, have 91).
  1989 | D:2      | 1989 ||| SHOPLISTING ring of protection from fire (275
                  | gold, have 91).
  1989 | D:2      | 1989 ||| SHOPLISTING ring of willpower (275 gold, have 91).
  2054 | D:2      | 2054 ||| Stepping ~*~*~tactically~*~*~ (hiding).
  2056 | D:2      | 2056 ||| Stepping ~*~*~tactically~*~*~ (hiding).
  2233 | D:2      | Found an ancient bone altar of Kikubaaqudgha.
  2316 | D:2      | 2316 ||| UPGRADING to +0 pair of gloves.
  2321 | D:2      | 2321 ||| DROPPING ring of flight.
  2322 | D:2      | 2322 ||| READING scroll labelled KIFIXAWITO.
  2397 | D:3      | 2397 ||| Stepping ~*~*~tactically~*~*~ (stealth).
  2398 | D:3      | 2398 ||| Stepping ~*~*~tactically~*~*~ (stealth).
  2487 | D:3      | Reached skill level 5 in Axes
  2640 | D:3      | 2640 ||| READING 3 scrolls of enchant weapon.
  2640 | D:3      | 2640 ||| ENCHANTING +1 hand axe.
  2641 | D:3      | 2641 ||| READING 2 scrolls of enchant weapon.
  2641 | D:3      | 2641 ||| ENCHANTING +2 hand axe.
  2642 | D:3      | 2642 ||| READING scroll of enchant weapon.
  2642 | D:3      | 2642 ||| ENCHANTING +3 hand axe.
  2844 | D:3      | 2844 ||| READING scroll of enchant weapon.
  2844 | D:3      | 2844 ||| ENCHANTING +4 hand axe.
  2911 | D:3      | 2911 ||| DROPPING ring of wizardry.
  2912 | D:3      | 2912 ||| READING scroll labelled ATEXOOSIAL.
  2913 | D:3      | 2913 ||| READING 4 scrolls of identify.
  2913 | D:3      | 2913 ||| IDENTIFYING metallic pink potion
  2914 | D:3      | 2914 ||| READING 3 scrolls of identify.
  2914 | D:3      | 2914 ||| IDENTIFYING fizzy emerald potion
  2915 | D:3      | 2915 ||| READING 2 scrolls of identify.
  2915 | D:3      | 2915 ||| IDENTIFYING puce potion
  2983 | D:4      | Gained mutation: Your magical nature lets you fly swiftly
                  | and evasively. [Tengu growth]
  2983 | D:4      | Reached XP level 5. HP: 30/30 MP: 9/9
  2987 | D:4      | Found a shimmering blue altar of Sif Muna.
  3003 | D:4      | Found an iron altar of Okawaru.
  3011 | D:4      | Became a worshipper of Warmaster Okawaru
  3121 | D:4      | 3121 ||| Stepping ~*~*~tactically~*~*~ (stealth).
  3122 | D:4      | 3122 ||| Stepping ~*~*~tactically~*~*~ (stealth).
  3325 | D:4      | Reached skill level 6 in Axes
  3336 | D:4      | Reached XP level 6. HP: 33/35 MP: 10/10
  3384 | D:4      | 3384 ||| DROPPING +0 club.
  3442 | D:4      | Identified the ring of Jimodud {rN+ Int+2 Dex+6}
  3674 | D:4      | 3674 ||| DROPPING amulet of faith.
  3675 | D:4      | 3675 ||| UPGRADING to ring of Jimodud {rN+ Int+2 Dex+6}.
  3676 | D:4      | 3676 ||| READING scroll labelled WIKADW SIEBRENK.
  3677 | D:4      | 3677 ||| DRINKING 2 metallic cyan potions.
  3678 | D:4      | 3678 ||| READING 2 scrolls of identify.
  3678 | D:4      | 3678 ||| IDENTIFYING bubbling coppery potion
  3698 | D:5      | Entered Level 5 of the Dungeon
  3740 | D:5      | Noticed an ice beast
  3747 | D:5      | Killed an ice beast
  3748 | D:5      | Reached skill level 7 in Axes
  3853 | D:5      | 3853 ||| DRINKING potion of curing.
  3853 | D:5      | 3853 ||| (to cure confusion)
  3859 | D:5      | Reached * piety under Okawaru
  3867 | D:5      | 3867 ||| INVOKING Heroism.
  3892 | D:5      | HP: 2/36 [orc priest/divine providence (13)]
  3893 | D:5      | 3893 ||| READING 4 scrolls of teleportation.
  3893 | D:5      | Killed from afar by a centaur

Levels and vault maps discovered:
D:1:      matt_arrival_spirals, layout_loops_corners, minmay_domino_4
D:2:      layout_basic, serial_shops, shop, basic_altar
D:3:      layout_basic, chequers_serial_rivers_small_3
D:4:      layout_basic, mainiacjoe_overflow_large_starburst,
          hangedman_decor_opposing
D:5:      layout_basic, lemuel_another_geyser

Skill      XL: |  1  2  3  4  5  6 |
---------------+-------------------+-----
Axes           | 3 4 5 6 7 |  7.0
Armour         | 2 |  2.3
Fighting       | |  2.4
Throwing       | |  1.0
Dodging        | |  2.1
Spellcasting   | |  2.0
Translocations | |  2.4

Action                   |  1- 3 |  4- 6 || total
-------------------------+-------+-------++-------
Melee: Hand axe          |    97 |    77 ||   174
       Kick              |    14 |    17 ||    31
       Peck              |    14 |     9 ||    23
       Punch             |     1 |     1 ||     2
Throw: Boomerang         |     7 |       ||     7
       Javelin           |     4 |    35 ||    39
Invok: Heroism           |       |     1 ||     1
  Use: Scroll            |     5 |    12 ||    17
       Potion            |       |     2 ||     2
Armor: Leather armour    |    12 |       ||    12
       Chain mail        |    22 |    51 ||    73
Dodge: Dodged            |    36 |    24 ||    60

Table legend:
 A = Non-vault XP
 B = Vault XP
 C = Vault XP percentage of total XP
 D = Non-vault monster count
 E = Vault monster count
 F = Vault count percentage of total count
                 A         B        C        D         E       F
            +---------+---------+-------+---------+---------+-------
      Total |     504 |       8 |   1.6 |      84 |       3 |   3.4
            +---------+---------+-------+---------+---------+-------
        D:1 |      32 |       8 |  20.0 |      23 |       3 |  11.5
        D:2 |      54 |       0 |   0.0 |      20 |       0 |   0.0
        D:3 |      58 |       0 |   0.0 |       9 |       0 |   0.0
        D:4 |     189 |       0 |   0.0 |      25 |       0 |   0.0
        D:5 |     171 |       0 |   0.0 |       7 |       0 |   0.0
            +---------+---------+-------+---------+---------+-------
